 Dungeon Crawl Stone Soup version 0.22-a0-458-gb446440 (webtiles) character file.

224 xccam the Spear-Bearer (level 6, -8/44 HPs)
             Began as a Merfolk Gladiator on June 8, 2018.
             Mangled by Menkaure (12 damage)
             ... on level 4 of the Dungeon.
             The game lasted 00:06:30 (3332 turns).

xccam the Spear-Bearer (Merfolk Gladiator)          Turns: 3332, Time: 00:06:31

Health: -8/44      AC:  7    Str: 16    XL:     6   Next: 0%
Magic:  6/6        EV: 13    Int:  8    God:
Gold:   170        SH:  0    Dex: 15    Spells: 5/5 levels left

rFire    . . .     SeeInvis .   a - +0 trident
rCold    . . .     Gourm    .   (no shield)
rNeg     . . .     Faith    .   k - +0 ring mail
rPois    .         Spirit   .   c - +0 helmet
rElec    .         Reflect  .   m - +0 cloak
rCorr    .         Harm     .   (no gloves)
MR       .....                  (no boots)
Stlth    +.........             b - amulet of the acrobat
HPRegen  0.14/turn              (no ring)
MPRegen  0.10/turn              (no ring)

@: no status effects
A: change form in water, swift swim, stealthy swim
a: no special abilities


You were on level 4 of the Dungeon.
You were hungry.

You visited 1 branch of the dungeon, and saw 4 of its levels.

You collected 170 gold pieces.

Inventory:

Hand Weapons
 a - a +0 trident (weapon)
Missiles
 d - 3 throwing nets (quivered)
Armour
 c - a +0 helmet (worn)
 k - a +0 ring mail (worn)
 m - a +0 cloak (worn)
 o - a +0 scale mail
Jewellery
 b - an amulet of the acrobat (around neck)
Scrolls
 e - 3 scrolls of identify {unknown}
 g - 7 scrolls of teleportation {unknown}
 h - a scroll of immolation {unknown}
 i - a scroll of magic mapping {unknown}
 j - 3 scrolls of enchant armour {unknown}
 l - a scroll of fog {unknown}
 n - 2 scrolls of amnesia {unknown}
Comestibles
 f - 10 rations


   Skills:
 - Level 2.1 Fighting
 + Level 9.3 Polearms
 - Level 2.0 Throwing
 - Level 4.0 Dodging


You had 5 spell levels left.
You didn't know any spells.
Your spell library contained the following spells:

 Spells                   Type           Power        Failure   Level  Hunger
 Lightning Bolt           Conj/Air       #.........   100%        5    ######.
 Shock                    Conj/Air       #...         63%         1    ##.....
 Swiftness                Chrm/Air       #.......     77%         2    ###....
 Airstrike                Air            #.........   100%        4    #####..
 Static Discharge         Conj/Air       #.......     94%         3    ####...


Dungeon Overview and Level Annotations

Branches:
Dungeon (4/15)
 Temple: D:4-7

Altars:
Dithmenos
Kikubaaqudgha
Qazlal
Trog

Annotations:
D:4 Menkaure


Message History

Okay, then.
You aren't carrying any potions.
Unknown command.
Okay, then.
Menkaure casts a spell.
Menkaure seems to speed up.
Found 6 gold pieces.
You hit Menkaure but do no damage. Menkaure hits you!
You hit Menkaure but do no damage. Menkaure closely misses you.
You hit Menkaure.
Menkaure is lightly damaged.
Menkaure hits you.
You puncture Menkaure!
Menkaure is heavily damaged.
Menkaure hits you!!
* * * LOW HITPOINT WARNING * * *
You hit Menkaure.
Menkaure is severely damaged.
Menkaure hits you!
You die...

#.# #.# #.#
..#####.#
........#
..#####.# #
#####.# ##.#
.###%..#.#####...#
).........M@...#
#P.P.....P####...#
.PP..#....# .....#
.P.. ##P..# #.####
... ..M..P .$ P.
......P. .## P
.._..##P.# #
...... ..#


You could see Menkaure.

Vanquished Creatures
  Crazy Yiuf (D:2)
  2 orc wizards (D:3)
  A worker ant (D:4)
  4 adders
  An ooze (D:4)
  A worm (D:3)
  3 dart slugs
  4 leopard geckos
  2 orcs (D:3)
  2 ball pythons
  3 giant cockroaches
  6 goblins
  6 hobgoblins
  3 jackals (D:1)
  A quokka (D:3)
  9 bats
  7 frilled lizards
  9 kobolds
  2 rats
67 creatures vanquished.

Notes
Turn   | Place    | Note
-------+----------+-------------------------------------------
     0 | D:1      | xccam the Merfolk Gladiator began the quest for the Orb.
     0 | D:1      | Reached XP level 1. HP: 16/16 MP: 1/1
   118 | D:1      | Reached skill level 5 in Polearms
   121 | D:1      | Reached XP level 2. HP: 22/22 MP: 2/2
   319 | D:1      | Reached skill level 6 in Polearms
   319 | D:1      | Reached XP level 3. HP: 23/27 MP: 3/3
   811 | D:2      | Found a shadowy altar of Dithmenos.
   856 | D:2      | Found a stormy altar of Qazlal.
   952 | D:2      | Found a bloodstained altar of Trog.
  1165 | D:2      | Reached XP level 4. HP: 16/33 MP: 4/4
  1436 | D:2      | Reached skill level 7 in Polearms
  1510 | D:2      | Found a runed door.
  1691 | D:2      | Noticed Crazy Yiuf
  1702 | D:2      | Killed Crazy Yiuf
  2302 | D:3      | Reached skill level 8 in Polearms
  2302 | D:3      | Reached XP level 5. HP: 38/38 MP: 5/5
  2503 | D:3      | HP: 1/38 [something/puff of flame (13)]
  2956 | D:4      | Reached skill level 9 in Polearms
  3112 | D:4      | Noticed Menkaure
  3243 | D:4      | Reached XP level 6. HP: 44/44 MP: 6/6
  3315 | D:4      | Found an ancient bone altar of Kikubaaqudgha.
  3332 | D:4      | Mangled by Menkaure

Vault maps used:
D:1:      shiori_angband_town
D:2:      grunt_dithmenos_smoke_and_mirrors, lemuel_round_altar,
          nicolae_overflow_hidden_temple, uniq_crazy_yiuf_cottage
D:3:      cheibrodos_helix_gallery, roderic_serpentine_path
D:4:      kennysheep_the_goblin_king, nemelex_xobeh_ov_fountains_minmay,
          kiku_gazebo_garden_becter, lemuel_zombie_altar_yredelemnul,
          first_ration, uniq_menkaure

Skill      XL: |  1  2  3  4  5 |
---------------+----------------+-----
Polearms       | 5 6 8 9 |  9.3
Fighting       | |  2.1
Throwing       | |  2.0
Dodging        | |  4.0

Action                   |  1- 3 |  4- 6 || total
-------------------------+-------+-------++-------
Melee: Trident           |   110 |   147 ||   257
  Use: Potion            |       |     3 ||     3
 Stab: Sleeping          |     2 |       ||     2
  Eat: Chunk             |       |     7 ||     7
Armor: Leather armour    |    23 |     4 ||    27
       Ring mail         |       |    44 ||    44
       Skin              |       |     7 ||     7
Dodge: Dodged            |    68 |    57 ||   125

Table legend:
 A = Spawn XP
 B = Non-spawn XP
 C = Spawn XP percentage of total XP
 D = Spawn monster count
 E = Non-spawn monster count
 F = Spawn count percentage of total count
 G = Total turns spent on level
                    A         B        C        D         E        F      G
               +---------+---------+-------+---------+---------+-------+---------
         Total |       0 |     321 |   0.0 |       0 |      67 |   0.0 |  3332
               +---------+---------+-------+---------+---------+-------+---------
           D:1 |       0 |      44 |   0.0 |       0 |      24 |   0.0 |   842
           D:2 |       0 |      83 |   0.0 |       0 |      16 |   0.0 |  1072
           D:3 |       0 |     139 |   0.0 |       0 |      23 |   0.0 |  1081
           D:4 |       0 |      55 |   0.0 |       0 |       4 |   0.0 |   337
               +---------+---------+-------+---------+---------+-------+---------
